 Dungeon Crawl Stone Soup version 0.29-a0-830-gcb1280458a (webtiles) character file.

Game seed: 5628617711430959443

3689 Bnni the Skirmisher (level 9, -2/112 HPs)
             Began as a Demonspawn Hunter on July 12, 2022.
             Was a Priest of Okawaru.
             Slain by a centaur warrior (13 damage)
             ... on level 8 of the Dungeon.
             The game lasted 00:10:24 (6135 turns).

Bnni the Skirmisher (Demonspawn Hunter)             Turns: 6135, Time: 00:10:25

Health: -2/112     AC:  6    Str: 11    XL:     9   Next: 90%
Magic:  8/9        EV: 16    Int: 12    God:    Okawaru [***...]
Gold:   509        SH:  0    Dex: 20    Spells: 8/8 levels left

rFire   . . .      SeeInvis .   d - +2 dagger (elec)
rCold   . . .      Faith    .   (no shield)
rNeg    . . .      Spirit   .   r - +1 leather armour of the Lotus Blossom {Rampage Will+ Regen+ Stlth-}
rPois   .          Reflect  .   (helmet restricted)
rElec   .          Harm     .   (no cloak)
rCorr   .          Rampage  +   (no gloves)
Will    ++...                   (no boots)
Stlth   ..........              (no amulet)
HPRegen 1.08/turn               i - ring of flight
MPRegen 0.11/turn               q - ring of willpower

@: berserking, heroic, flying, very quick
A: horns 2, yellow scales 1, spiny 3
a: Renounce Religion, Heroism


You were on level 8 of the Dungeon.
You worshipped Okawaru.
Okawaru was most pleased with you.
You visited 2 branches of the dungeon, and saw 9 of its levels.
You also visited: Sewer.

You collected 509 gold pieces.

Inventory:

Hand Weapons
 a - a +2 shortbow of freezing
 d - a +2 dagger of electrocution (weapon)
 o - a +1 dagger of venom
Missiles
 j - 6 atropa-tipped darts
Armour
 r - the +1 leather armour of the Lotus Blossom (worn) {Rampage Will+ Regen+ Stlth-}
   (You found it on level 3 of the Dungeon)

   Regen:     It increases your rate of health regeneration.
   Rampage:   It bestows one free step when moving towards enemies.
   Will:      It increases your willpower.
   Stlth:     It makes you less stealthy.
Jewellery
 i - a ring of flight (left hand)
 q - a ring of willpower (right hand)
 A - a ring of fire
Wands
 u - a wand of iceblast (7)
Scrolls
 b - a scroll of immolation
 f - 3 scrolls of teleportation {unknown}
 l - 2 scrolls of summoning {unknown}
 p - 3 scrolls of fear {unknown}
 s - a scroll of enchant weapon {unknown}
 t - 4 scrolls of magic mapping {unknown}
 v - 2 scrolls of torment {unknown}
 y - 3 scrolls of amnesia {unknown}
 z - a scroll of noise {unknown}
 D - a scroll of fog {unknown}
 E - a scroll of acquirement {unknown}
 G - a scroll of silence {unknown}
 H - 2 scrolls of poison {unknown}
Potions
 c - a potion of cancellation
 e - 2 potions of might
 g - a potion of magic
 k - a potion of degeneration {unknown}
 m - a potion of attraction
 n - a potion of invisibility {unknown}
 x - a potion of curing
 B - 3 potions of lignification
 C - 3 potions of haste
 F - a potion of flight {unknown}
 I - a potion of heal wounds {unknown}


   Skills:
 + Level 8.5(13.5) Fighting
 * Level 11.3(16.3) Ranged Weapons
 - Level 1.7(6.7) Dodging
 - Level 0.8(5.8) Stealth


You had 8 spell levels left.
You didn't know any spells.
Your spell library contained the following spells:

 Spells                   Type           Power      Damage    Failure   Level
 Dazzling Flash           Conj/Hex       0%         N/A       77%         3
 Ozocubu's Armour         Ice            0%         N/A       77%         3
 Iskenderun's Mystic Bla  Conj/Tloc      0%         2d3       99%         4
 Metabolic Englaciation   Hex/Ice        0%         N/A       100%        5
 Starburst                Conj/Fire      0%         6d3       100%        6
 Simulacrum               Ice/Necr       Unusable   N/A       N/A         6

Dungeon Overview and Level Annotations

Branches:
Dungeon (8/15)             Temple (1/1) D:6           Sewer (visited)
   Lair: D:8-11

Altars:
Ashenzari
Cheibriados
Dithmenos
Fedhas
Gozag
Hepliaklqana
Makhleb
Okawaru
Qazlal
Sif Muna
Vehumet
Wu Jian
Xom
Yredelemnul

Shops:
D:4 *


Innate Abilities, Weirdness & Mutations

You have a pair of horns on your head.
You are partially covered in yellow scales. (AC +2)
You are completely covered in sharp spines.


Message History

You shoot an arrow. The arrow hits the centaur!
The arrow freezes the centaur.
You kill the centaur!
Okawaru accepts your kill.
No target in view!
No target in view!
A centaur warrior comes into view.
You shoot an arrow. The arrow hits the centaur warrior.
The arrow freezes the centaur warrior.
The centaur warrior is lightly wounded.
The centaur warrior wields a +0 shortbow.
The centaur warrior shoots an arrow.
The arrow hits you!!
Okay, then.
You gain the combat prowess of a mighty hero.
The centaur warrior shoots an arrow.
The arrow hits you!
The centaur warrior shoots an arrow.
The arrow hits you!
The centaur warrior shoots an arrow.
The arrow hits you!!
* * * LOW HITPOINT WARNING * * *
You feel better.
Okay, then.
Your +2 shortbow of freezing stops glowing.
You hear the crackle of electricity.
d - a +2 dagger of electrocution (weapon)
A red film seems to cover your vision as you go berserk!
You feel yourself moving faster!
You feel mighty!
You feel a strong urge to attack something.
The centaur warrior unwields a +0 shortbow.
The centaur warrior hits you!
* * * LOW HITPOINT WARNING * * *
The centaur warrior kicks you.
* * * LOW HITPOINT WARNING * * *
You are too injured to fight recklessly!
You puncture the centaur warrior! You headbutt the centaur warrior.
The centaur warrior is moderately wounded.
The centaur warrior hits you!
* * * LOW HITPOINT WARNING * * *
The centaur warrior misses you.
You barely miss the centaur warrior.
The centaur warrior is moderately wounded.
The centaur warrior hits you!
You die...

..c....
.......
.......
##.......
##........
#..# #.##
#######c###
#.......@.#
#.........#
#.........#
#######.###
### #.##
#.. #..#
####.# ##.#
#..... #.##
#..... #..#
#.....


You could see a centaur warrior.

Vanquished Creatures
  Pikel (D:7)
  Grinder (D:5)
  Prince Ribbit (D:5)
  Edmund (D:5)
  2 water moccasins
  Pargi (Sewer)
  2 black bears
  3 orc warriors
  2 ice beasts (D:7)
  2 sky beasts
  An ogre (D:4)
  4 centaurs
  A lemure (D:7)
  A bullfrog (D:5)
  4 scorpions
  A wight (D:8)
  3 killer bees (D:7)
  3 howler monkeys
  2 hounds
  6 orc priests
  A jelly (D:7)
  A gnoll bouda (D:7)
  3 orc wizards
  2 adders (D:2)
  7 gnolls
  2 shadow imps (D:6)
  3 white imps
  An ufetubus (D:5)
  5 worms
  5 dart slugs
  28 orcs
  10 ball pythons
  9 endoplasms
  5 giant cockroaches
  11 goblins
  9 hobgoblins
  2 jackals (D:2)
  6 kobolds
  5 quokkas
  13 bats
  6 frilled lizards
  5 rats
181 creatures vanquished.

Notes
Turn   | Place    | Note
-------+----------+-------------------------------------------
     0 | D:1      | Bnni the Demonspawn Hunter began the quest for the Orb.
     0 | D:1      | Reached XP level 1. HP: 16/16 MP: 1/1
    96 | D:1      | Gained mutation: You have a pair of small horns on your
                  | head. [demonic ancestry]
    96 | D:1      | Reached XP level 2. HP: 22/22 MP: 2/2
   126 | D:1      | Reached skill level 4 in Ranged Weapons
   400 | D:1      | Gained mutation: You are partially covered in sharp spines.
                  | [demonic ancestry]
   400 | D:1      | Reached XP level 3. HP: 23/28 MP: 3/3
   750 | D:2      | Found a basalt altar of Yredelemnul.
  1004 | D:2      | Gained mutation: You are mostly covered in sharp spines.
                  | [demonic ancestry]
  1004 | D:2      | Reached XP level 4. HP: 34/34 MP: 4/4
  1480 | D:3      | Found a basalt altar of Yredelemnul.
  1554 | D:3      | Reached skill level 5 in Ranged Weapons
  1557 | D:3      | Reached XP level 5. HP: 11/41 MP: 5/5
  1914 | D:3      | Identified the +1 leather armour of the Lotus Blossom
                  | {Rampage Will+ Regen+ Stlth-}
  1959 | D:3      | Gained mutation: You are partially covered in yellow
                  | scales. (AC +2) [demonic ancestry]
  1959 | D:3      | Reached XP level 6. HP: 26/48 MP: 6/6
  2510 | D:3      | Found a faded altar of an unknown god.
  2626 | D:4      | Reached skill level 6 in Ranged Weapons
  2730 | D:4      | Gained mutation: You have a pair of horns on your head.
                  | [demonic ancestry]
  2730 | D:4      | Reached XP level 7. HP: 31/55 MP: 7/7
  2916 | D:4      | Found Qagu's Mayhem Merchandise.
  3213 | D:4      | Found a stormy altar of Qazlal.
  3307 | D:5      | Entered Level 5 of the Dungeon
  3359 | D:5      | Reached skill level 7 in Ranged Weapons
  3359 | D:5      | Noticed Edmund
  3366 | D:5      | Reached skill level 5 in Fighting
  3381 | D:5      | Killed Edmund
  3394 | D:5      | Noticed Grinder
  3405 | D:5      | Killed Grinder
  3406 | D:5      | Reached skill level 8 in Ranged Weapons
  3406 | D:5      | Gained mutation: You are completely covered in sharp
                  | spines. [demonic ancestry]
  3406 | D:5      | Reached XP level 8. HP: 51/63 MP: 8/8
  3423 | D:5      | Found an iron altar of Okawaru.
  3428 | D:5      | Became a worshipper of Warmaster Okawaru
  3617 | D:5      | Noticed Prince Ribbit
  3635 | D:5      | Killed Prince Ribbit
  4123 | D:6      | Found a glowing drain.
  4140 | Sewer    | Entered a sewer
  4164 | Sewer    | Noticed Pargi
  4174 | Sewer    | Killed Pargi
  4175 | Sewer    | Reached skill level 9 in Ranged Weapons
  4259 | D:6      | Found a staircase to the Ecumenical Temple.
  4270 | Temple   | Entered the Ecumenical Temple
  5065 | D:7      | Reached * piety under Okawaru
  5067 | D:7      | Noticed Pikel
  5081 | D:7      | Killed Pikel
  5081 | D:7      | Reached ** piety under Okawaru
  5082 | D:7      | Reached skill level 10 in Ranged Weapons
  5082 | D:7      | Reached XP level 9. HP: 47/72 MP: 9/9
  5565 | D:7      | Found a radiant altar of Vehumet.
  5769 | D:7      | HP: 3/74 [orc warrior/+0 halberd (11)]
  5963 | D:8      | Reached skill level 11 in Ranged Weapons
  6017 | D:7      | Reached *** piety under Okawaru
  6122 | D:8      | Noticed a centaur warrior
  6135 | D:8      | Slain by a centaur warrior

Illustrated notes

Levels and vault maps discovered:
D:1:      dpeg_arrival_refuge, layout_loops_ring, grunt_decor_one_mirror,
          minmay_statues_item, serial_bayou_pond_d, wad_floor_pattern_untrapped
D:2:      cheibrodos_greedy_goblins, layout_loops_ring, basic_altar
D:3:      layout_basic, yredelemnul_altar_generic,
          shapermc_ecumenical_altar_mp_vishouse
D:4:      layout_basic, grunt_qazlal_clouds, serial_curves, eino_curves_02,
          eino_curves_01, eino_curves_02, eino_curves_03,
          hangedman_decor_growths, minmay_shop_mayhem
D:5:      layout_loops_ring, okawaru_gym_becter, uniq_prince_ribbit1,
          uniq_edmund, uniq_grinder
D:6:      layout_basic, minmay_temple_entry_butterflies, gup_sewer_entry_pipe
D:7:      layout_cave_pods, nicolae_vehumet_radiance, uniq_pikel
D:8:      layout_rooms, marbit_many_paths, david_lair_shrubbed,
          grunt_ministairs_7
Temple:   nicolae_temple_x_marks_the_god

Skill      XL: |  1  2  3  4  5  6  7  8  9 |
---------------+----------------------------+-----
Ranged Weapons | 4 5 6 8 10 11 | 11.3
Fighting       | 3 4 5 7 8 |  8.5
Dodging        | |  1.7
Stealth        | |  0.8

Action                   |  1- 3 |  4- 6 |  7- 9 || total
-------------------------+-------+-------+-------++-------
Melee: Whip              |       |    11 |    41 ||    52
       Headbutt          |       |     2 |    12 ||    14
       Dagger            |       |       |    32 ||    32
 Fire: Shortbow          |    81 |   112 |   241 ||   434
Invok: Heroism           |       |       |     2 ||     2
  Use: Potion            |       |     1 |     3 ||     4
       Scroll            |       |       |     7 ||     7
Armor: Leather armour    |     4 |    11 |    39 ||    54
Dodge: Dodged            |     7 |    31 |    80 ||   118

Table legend: (Time is in decaauts)
 A = Elapsed time spent in this place.
 B = Non-inter-level travel time spent in this place.
 C = Inter-level travel time spent in this place.
 D = Time resting spent in this place.
 E = Time spent auto-exploring this place.
 F = Levels seen in this place.
 G = Mean time per level.
                   A        B        C        D        E       F      G
               +--------+--------+--------+--------+--------+-----+--------+
         Total |   6205 |   6028 |    177 |    285 |   4563 |  10 |  620.5 |
       Dungeon |   6081 |   5904 |    177 |    285 |   4547 |   8 |  760.1 |
        Temple |     41 |     41 |      0 |      0 |      0 |   1 |   41.0 |
         Sewer |     82 |     82 |      0 |      0 |     16 |   1 |   82.0 |
               +--------+--------+--------+--------+--------+-----+--------+

Top non-repeatable levels by time:
     D:3: 1146 daAuts
     D:7: 1095 daAuts
     D:6: 854 daAuts
     D:1: 767 daAuts
     D:2: 749 daAuts
     D:4: 703 daAuts
     D:5: 627 daAuts
     D:8: 137 daAuts
   Sewer: 82 daAuts
  Temple: 41 daAuts
